[Event "Late-Titled-Tuesday-Blitz-February-13-2024"]
[Site "Chess.com"]
[Date "2024.02.13"]
[Round "4"]
[White "Jospem"]
[Black "MetiForce"]
[Result "1-0"]
[WhiteElo "3040"]
[BlackElo "2859"]
[TimeControl "180+1"]
[EndTime "14:37:37 PST"]
[Termination "Jospem won on time"]

1. e4 e5 2. Nf3 Nc6 3. Nc3 Nf6 4. h3 d5 5. Bb5 Nxe4 6. O-O Nxc3 7. dxc3 Bd6 8.
Qxd5 Bd7 9. Bg5 f6 10. Be3 Qe7 11. a4 a6 12. Bc4 Nd8 13. Nd2 Bc6 14. Qd3 Nf7 15.
Ne4 O-O 16. Bd5 Bxd5 17. Qxd5 c6 18. Qb3 b5 19. c4 bxa4 20. Qxa4 Qc7 21. Qa5 Rfb8 22.
Qxc7 Bxc7 23. b3 f5 24. Nc5 a5 25. Rfd1 Rd8 26. Rxd8+ Bxd8 27. Bd2 Bb6 28. Na4 Bd4 29. Rd1 h6 30. Kf1 e4 31. Bf4 Bf6 32. Nb6 Rd8 33. Rd7 g5 34. Bc7 Rxd7 35. Nxd7 Bc3 36. Nb8 c5 37. Na6 Ne5 38. Nxc5 1-0

[Event "Late-Titled-Tuesday-Blitz-February-13-2024"]
[Site "Chess.com"]
[Date "2024.02.13"]
[Round "4"]
[White "Noki102"]
[Black "NitaLucian"]
[Result "0-1"]
[WhiteElo "2513"]
[BlackElo "2361"]
[TimeControl "180+1"]
[EndTime "14:37:38 PST"]
[Termination "NitaLucian won by resignation"]

1. d4 d6 2. e4 Nf6 3. Nc3 e5 4. Nf3 Nbd7 5. g3 Be7 6. Bg2 O-O 7. O-O Rb8 8. a4 a6 9. a5 exd4 10.
Nxd4 Ne5 11. h3 c5 12. Nde2 Nc6 13. Nf4 Nxa5 14. Nfd5 Nc6 15. Nxe7+ Qxe7 16. Bg5 Qe6 17. Nd5 Ne8 18. Nb6 h6 19. Bf4 Ne5 20. Nxc8 Rxc8 21.
b3 c4 22. b4 c3 23. Be3 Rc4 24. Rb1 b5 25. f4 Nc6 26. e5 Nxb4 27. Rxb4 Rxb4 28.
Bd5 Qxh3 29. Kf2 dxe5 30. fxe5 Qf5+ 31. Kg2 Qxe5 32. Bc5 Nf6 33. Bxb4 Qxd5+ 34. Qxd5 Nxd5 35. Bxf8 Kxf8 36. Rd1 Ne3+ 37. Kf3 Nxd1 38. Ke2 Nb2 39. Ke3 b4 40. Kd4 a5 41. g4 g5 42. Ke5 b3 0-1

[Event "Late-Titled-Tuesday-Blitz-February-13-2024"]
[Site "Chess.com"]
[Date "2024.02.13"]
[Round "4"]
[White "JackRodgers"]
[Black "FMJoseHerrera"]
[Result "0-1"]
[WhiteElo "2507"]
[BlackElo "2708"]
[TimeControl "180+1"]
[EndTime "14:37:39 PST"]
[Termination "FMJoseHerrera won by resignation"]

1. d4 Nf6 2. Bg5 c5 3. d5 g6 4. Nc3 Bg7 5. e4 O-O 6. Nf3 d6 7. Be2 b5 8. Bxf6 Bxf6 9. Bxb5 Qa5 10. Be2 Bxc3+ 11. bxc3 Qxc3+ 12. Nd2 Na6 13. a3 Rb8 14. O-O Nc7 15. f4 Rb2 16. Rc1 Nb5 17. Bxb5 Rxb5 18. Rf3 Qd4+ 19. Kh1 Bg4 20. Qe1 Bxf3 21. Nxf3 Qb2 22.
a4 Rb4 23. h4 Rfb8 24. Kh2 Rxa4 25. e5 Rxf4 26. exd6 exd6 27. Ra1 Qxc2 28. Qe3 Rb2 29. Rg1 Qe4 30. Qa3 Rf2 31. Kh3 R4xf3+ 32. gxf3 Rxf3+ 33. Rg3 0-1

[Event "Late-Titled-Tuesday-Blitz-February-13-2024"]
[Site "Chess.com"]
[Date "2024.02.13"]
[Round "4"]
[White "Binary010"]
[Black "Walter_White_Poland"]
[Result "1-0"]
[WhiteElo "2872"]
[BlackElo "2435"]
[TimeControl "180+1"]
[EndTime "14:37:39 PST"]
[Termination "Binary010 won by resignation"]

1. d4 d5 2. Nf3 Nf6 3. c3 c5 4. dxc5 e6 5. Be3 Nbd7 6. b4 a5 7. Nbd2 Qc7 8. h3 b6 9. cxb6 Nxb6 10. Rc1 Bd7 11. g3 Na4 12. Bd4 Bd6 13. c4 Bxb4 14.
cxd5 Qb7 15. Bxf6 gxf6 16. dxe6 Bxe6 17. Qxa4+ Kf8 18. Bg2 Bxd2+ 19. Kxd2 Qb2+ 20. Qc2 Rd8+ 21. Ke1 Qb7 22. Kf1 Rc8 23. Qd2 Rxc1+ 24. Qxc1 Kg7 25. Nd4 Bd5 26. Nf5+ Kg6 27. Bxd5 1-0

[Event "Late-Titled-Tuesday-Blitz-February-13-2024"]
[Site "Chess.com"]
[Date "2024.02.13"]
[Round "4"]
[White "ninguno46"]
[Black "Alblooshi_Hamad"]
[Result "1-0"]
[WhiteElo "2503"]
[BlackElo "2239"]
[TimeControl "180+1"]
[EndTime "14:37:39 PST"]
[Termination "ninguno46 won by resignation"]

1. e4 c5 2. Nc3 Nc6 3. f4 g6 4.
Nf3 Bg7 5. Bb5 Nd4 6. O-O a6 7. Bc4 b5 8. Bd5 Ra7 9. d3 e6 10. Bb3 Ne7 11. Kh1 d5 12. Nxd4 Bxd4 13. Ne2 Bg7 14. c3 O-O 15. e5 c4 16. Bc2 Bb7 17. d4 f6 18. exf6 Bxf6 19. Ng1 Ra8 20. Qe2 Bc8 21. Nf3 Nc6 22. Bd2 a5 23. Rae1 Bd7 24. Qf2 Rb8 25. Qg3 Bg7 26. Ng5 Qf6 27. h4 Rfe8 28. h5 Ne7 29. hxg6 hxg6 30. Qh3 Nf5 31.
Qh7+ Kf8 32. Qh2 Kg8 33. g4 Nh6 34. Bd1 Qf8 35. Re3 Bf6 36. Kg1 Nf7 37. Rh3 Nxg5 38. fxg5 Bg7 39. Rxf8+ Rxf8 40. Bc2 Rf7 41. Bxg6 1-0

[Event "Late-Titled-Tuesday-Blitz-February-13-2024"]
[Site "Chess.com"]
[Date "2024.02.13"]
[Round "4"]
[White "Kirill_Klukin"]
[Black "Msb2"]
[Result "0-1"]
[WhiteElo "2821"]
[BlackElo "3011"]
[TimeControl "180+1"]
[EndTime "14:37:45 PST"]
[Termination "Msb2 won by resignation"]

1. d4 d5 2. c4 e6 3. Nc3 Bb4 4. Nf3 Nf6 5. Qa4+ Nc6 6. a3 Bxc3+ 7. bxc3 Bd7 8. cxd5 exd5 9. Qc2 Na5 10. Bg5 h6 11. Bh4 Rc8 12. e3 c5 13. dxc5 Rxc5 14.
Bd3 O-O 15. O-O Qe7 16. Nd4 Rfc8 17. Rac1 Nc4 18. Qa2 Ne5 19. Bf5 Bxf5 20. Nxf5 Qe6 21. Nd4 Qa6 22. Nf5 Ng6 23. Bg3 Ne4 24. c4 dxc4 25.
Nd4 c3 26. Rfd1 c2 27. Re1 Qd3 28. Qb2 b6 29. a4 Qd2 30. f3 Nxg3 31. hxg3 Ne5 32.
Re2 Qd1+ 33. Kh2 Nd3 0-1

[Event "Late-Titled-Tuesday-Blitz-February-13-2024"]
[Site "Chess.com"]
[Date "2024.02.13"]
[Round "4"]
[White "Genghis_K"]
[Black "bipe137"]
[Result "1-0"]
[WhiteElo "2911"]
[BlackElo "2590"]
[TimeControl "180+1"]
[EndTime "14:37:46 PST"]
[Termination "Genghis_K won by resignation"]

1. e4 c5 2. Nf3 e6 3. c3 Nf6 4. e5 Nd5 5. d4 cxd4 6. cxd4 d6 7.
Bc4 Nb6 8. Bd3 Bd7 9. O-O Bc6 10. Nc3 N8d7 11. Bf4 dxe5 12. dxe5 Nc5 13. Be2 Qxd1 14. Rfxd1 Rc8 15. Nd4 Bd7 16. Ndb5 a6 17. Nd6+ Bxd6 18. Rxd6 Bc6 19. Be3 Ncd7 20. Rad1 Nd5 21. Nxd5 Bxd5 22. f4 Rc6 23. Rxc6 Bxc6 24. Rc1 Nb8 25. Bb6 Kd7 26.
Rd1+ Kc8 27. Kf2 Nd7 28. Ba5 Bd5 29. a3 Nb8 30. g3 Nc6 31. Bb6 Kb8 32. Ke3 Rc8 33. h4 Ne7 34. g4 Rc2 35. Rd2 Rc1 36.
h5 Nc8 37. Bd4 Ne7 38. Bb6 Nc8 39. Ba5 Ne7 40. Bb4 Nc6 41. Bd6+ Ka7 42. Bd3 g6 43. hxg6 hxg6 44. Rh2 Re1+ 45. Kd2 Rg1 46. Bc5+ 1-0

[Event "Late-Titled-Tuesday-Blitz-February-13-2024"]
[Site "Chess.com"]
[Date "2024.02.13"]
[Round "4"]
[White "Kiborg95"]
[Black "Pelopidass"]
[Result "0-1"]
[WhiteElo "2827"]
[BlackElo "2582"]
[TimeControl "180+1"]
[EndTime "14:37:48 PST"]
[Termination "Pelopidass won by checkmate"]

1. e4 d5 2. exd5 Nf6 3. Nf3 Nxd5 4. d4 Bg4 5. Be2 e6 6. O-O Be7 7. h3 Bh5 8. c4 Nf6 9. Be3 O-O 10. Nc3 Nbd7 11. Ne5 Bxe2 12. Qxe2 Nxe5 13. dxe5 Nd7 14.
Rad1 Qc8 15. f4 Rd8 16. Ne4 Nf8 17. Qg4 Ng6 18. g3 Rxd1 19. Rxd1 Qe8 20. h4 Qc6 21. Rd4 Rd8 22. Qd1 Rxd4 23. Qxd4 b6 24. b3 h5 25. Kf2 a5 26. Qd3 Nf8 27. Bd4 Nd7 28. Ke3 g6 29.
Qd1 Kf8 30. g4 hxg4 31. Qxg4 Nc5 32. Bxc5 Bxc5+ 33. Kd3 Qd7+ 34. Kc2 Qd4 35. Nd2 Bb4 36. Nf3 Qe4+ 37. Kd1 Qd3+ 38. Kc1 Ba3# 0-1

[Event "Late-Titled-Tuesday-Blitz-February-13-2024"]
[Site "Chess.com"]
[Date "2024.02.13"]
[Round "4"]
[White "GoldenShare"]
[Black "chenxiaoyuer"]
[Result "1-0"]
[WhiteElo "2554"]
[BlackElo "2745"]
[TimeControl "180+1"]
[EndTime "14:37:50 PST"]
[Termination "GoldenShare won by checkmate"]

1. e4 c5 2. Nc3 d6 3. d4 cxd4 4. Qxd4 Nc6 5. Qd2 g6 6. b3 Bh6 7.
f4 Nf6 8. Bb2 O-O 9. O-O-O e5 10. g3 Nh5 11. Kb1 exf4 12. Nd5 Bg4 13. Be2 Qd7 14. h3 Bxe2 15. Nxe2 Bg7 16. Bxg7 Kxg7 17. Nexf4 Nxf4 18. gxf4 Ne7 19. f5 Nxd5 20. Qxd5 Rae8 21. h4 Qe7 22. Rde1 Qe5 23. Qxb7 d5 24. fxg6 hxg6 25.
h5 g5 26. h6+ Kh7 27. exd5 Qxe1+ 28. Rxe1 Rxe1+ 29. Kb2 g4 30. Qb4 Rfe8 31. Qxg4 Kxh6 32. d6 R8e6 33. d7 Rd6 34. Qf4+ Kh7 35. Qxd6 Re6 36.
Qxe6 fxe6 37. d8=Q e5 38. Qe7+ Kg6 39. Qxe5 Kf7 40. c4 Kg8 41. c5 Kh7 42. c6 Kg6 43.
c7 Kh6 44. c8=Q Kh7 45. Qce6 a6 46. Q5d6 a5 47. Qdd7+ Kh8 48. Qee8# 1-0

[Event "Late-Titled-Tuesday-Blitz-February-13-2024"]
[Site "Chess.com"]
[Date "2024.02.13"]
[Round "4"]
[White "Agibileg"]
[Black "rdarruda"]
[Result "1-0"]
[WhiteElo "2732"]
[BlackElo "2537"]
[TimeControl "180+1"]
[EndTime "14:37:51 PST"]
[Termination "Agibileg won on time"]

1. d4 Nf6 2. c4 e5 3. dxe5 Ne4 4.
Nc3 Nxc3 5. bxc3 Nc6 6. f4 d6 7. exd6 Bxd6 8. e4 O-O 9. Be3 Qe7 10. Bd3 Rd8 11. Qe2 Bc5 12. Nf3 Bg4 13. O-O Rd7 14.
h3 Bxf3 15. Rxf3 Rad8 16. Bxc5 Qxc5+ 17. Kh2 f6 18. Re1 Re7 19. Re3 Rde8 20. Bc2 g6 21.
Ba4 Kg7 22. e5 fxe5 23. Bxc6 Qxc6 24. fxe5 Qe6 25. Rf1 Rf8 26. Rxf8 Kxf8 27. Qf3+ Kg7 28. Qxb7 Qxc4 29. Qf3 Rf7 30. Qg3 Qxa2 31. e6 Re7 32. Qe5+ Kh6 33. Re4 1-0

[Event "Late-Titled-Tuesday-Blitz-February-13-2024"]
[Site "Chess.com"]
[Date "2024.02.13"]
[Round "4"]
[White "Kostukov_Alex"]
[Black "MKlose11"]
[Result "0-1"]
[WhiteElo "2295"]
[BlackElo "2658"]
[TimeControl "180+1"]
[EndTime "14:37:52 PST"]
[Termination "MKlose11 won on time"]

1. g3 Nf6 2. Bg2 g6 3. c4 c5 4. Nf3 Nc6 5. O-O d6 6. d4 cxd4 7. Nxd4 Bd7 8. Nc3 Bg7 9. b3 O-O 10. Bb2 Qa5 11. Qd2 Rfe8 12. Rfd1 Qh5 13. Nd5 Nxd5 14.
Nxc6 bxc6 15. Bxg7 Kxg7 16. cxd5 c5 17. b4 Rec8 18.
Qe3 Kf8 19. Rdc1 cxb4 20. Rxc8+ Bxc8 21. Rc1 Bh3 22. Bf3 Qe5 23. Qh6+ Kg8 24. Qxh3 a5 25. Qd7 a4 26. Rc8+ Rxc8 27. Qxc8+ Kg7 28. Qc2 a3 29. Qb3 Qd4 30. Kg2 f5 31. h4 Qb2 32. Qc4 b3 0-1

[Event "Late-Titled-Tuesday-Blitz-February-13-2024"]
[Site "Chess.com"]
[Date "2024.02.13"]
[Round "4"]
[White "laskakid"]
[Black "nindjaxx8"]
[Result "1-0"]
[WhiteElo "2406"]
[BlackElo "2564"]
[TimeControl "180+1"]
[EndTime "14:37:52 PST"]
[Termination "laskakid won by checkmate"]

1. d4 d5 2. c4 e6 3. Nc3 Nf6 4. Bg5 Be7 5. Nf3 O-O 6. e3 h6 7.
Bxf6 Bxf6 8. Rc1 b6 9. cxd5 exd5 10. Bd3 Bb7 11. O-O Nd7 12. Bb1 c5 13. dxc5 Nxc5 14.
Nd4 Ne4 15. Qg4 Nxc3 16. Rxc3 Rc8 17. Rfc1 Rxc3 18. Rxc3 Qe7 19. Nf5 Qe6 20. Nxh6+ Kh8 21. Bf5 Qe7 22. Qh5 Re8 23. Ng4+ Kg8 24. Qh7+ Kf8 25. Qh8# 1-0

[Event "Late-Titled-Tuesday-Blitz-February-13-2024"]
[Site "Chess.com"]
[Date "2024.02.13"]
[Round "4"]
[White "Quattroporte300"]
[Black "Sanyura"]
[Result "1-0"]
[WhiteElo "2418"]
[BlackElo "2634"]
[TimeControl "180+1"]
[EndTime "14:37:53 PST"]
[Termination "Quattroporte300 won on time"]

1. e4 c6 2. d4 d5 3. Nc3 dxe4 4.
Nxe4 Nf6 5. Nxf6+ exf6 6. c3 Bd6 7. Bd3 O-O 8. Qc2 Re8+ 9. Ne2 h5 10. Be3 Nd7 11.
O-O-O Nf8 12. c4 Qa5 13. Kb1 b5 14. Bd2 Bb4 15. Bxb4 Qxb4 16. a3 Qa5 17. Qc3 Qb6 18.
c5 Qd8 19. Nf4 h4 20. d5 a5 21. d6 b4 22. axb4 axb4 23. Qxb4 Ne6 24. Rhe1 Nxf4 25. Qxf4 Rxe1 26. Rxe1 Be6 27. Qxh4 Ra1+ 28. Kc2 1-0

[Event "Late-Titled-Tuesday-Blitz-February-13-2024"]
[Site "Chess.com"]
[Date "2024.02.13"]
[Round "4"]
[White "jup1978"]
[Black "GMKrikor"]
[Result "0-1"]
[WhiteElo "2566"]
[BlackElo "2840"]
[TimeControl "180+1"]
[EndTime "14:37:54 PST"]
[Termination "GMKrikor won on time"]

1. d4 Nf6 2. Nf3 g6 3. g3 d5 4.
Bg2 Bg7 5. O-O O-O 6. c4 dxc4 7. Na3 c3 8. bxc3 c5 9. e3 Nc6 10. Nc4 Be6 11. Nce5 Nd5 12. Nxc6 bxc6 13. Qc2 Qa5 14. Bd2 Qa6 15. Rfb1 Qc8 16. e4 Nb6 17. a4 Bg4 18.
Be3 Nc4 19. Qd3 Nxe3 20. Qxe3 cxd4 21. cxd4 c5 22. e5 Rb8 23. Rxb8 Qxb8 24. dxc5 Rc8 25.
Rc1 Bd7 26. Nd4 Bxa4 27. e6 f5 28. c6 Qb6 29. Nf3 Qxe3 30. fxe3 Rxc6 31. Rb1 Rb6 32. Rc1 Bf6 33. Rc8+ Kg7 34. Nd4 Bg5 35. Kf2 Rb2+ 36. Kf3 Bd1+ 0-1

[Event "Late-Titled-Tuesday-Blitz-February-13-2024"]
[Site "Chess.com"]
[Date "2024.02.13"]
[Round "4"]
[White "ansko1999"]
[Black "VladimirBugayev"]
[Result "1-0"]
[WhiteElo "2634"]
[BlackElo "2392"]
[TimeControl "180+1"]
[EndTime "14:37:54 PST"]
[Termination "ansko1999 won by checkmate"]

1. Nf3 c5 2. e3 g6 3. c4 Bg7 4.
Nc3 Nf6 5. d4 O-O 6. d5 d6 7.
Be2 a6 8. O-O b5 9. cxb5 axb5 10. Bxb5 Na6 11. a4 Nc7 12. Bc6 Rb8 13. Nb5 Ba6 14.
Qb3 Bb7 15. Rd1 e6 16. Bxb7 Rxb7 17. dxe6 fxe6 18. Bd2 Ne4 19. Ba5 Qb8 20. Bxc7 Rxc7 21. Qxe6+ Rcf7 22. Qxe4 Bxb2 23. Rab1 Be5 24. Nxd6 Bxh2+ 25.
Kxh2 Qc7 26. Rb7 Qd8 27. Nxf7 Qxd1 28. Nh6+ Kh8 29. Qe5+ Rf6 30. Qxf6# 1-0

[Event "Late-Titled-Tuesday-Blitz-February-13-2024"]
[Site "Chess.com"]
[Date "2024.02.13"]
[Round "4"]
[White "DanylaBagrov"]
[Black "Szparu"]
[Result "0-1"]
[WhiteElo "2559"]
[BlackElo "2789"]
[TimeControl "180+1"]
[EndTime "14:37:55 PST"]
[Termination "Szparu won by resignation"]

1. f4 d5 2. Nf3 Bg4 3. Ne5 h5 4. g3 Nd7 5. Nxg4 hxg4 6. Bg2 c6 7. O-O e5 8. d3 Bc5+ 9. Kh1 Qf6 10.
fxe5 Qxe5 11. e3 Ngf6 12. Qe2 Qh5 13. h4 gxh3 14. Bf3 Qg6 15. Kh2 Ne5 16. Nc3 Neg4+ 17. Bxg4 Nxg4+ 18. Kh1 O-O-O 19. e4 Nf2+ 20. Rxf2 Qxg3 21.
Rf1 Rh4 22. Qh2 Qg6 23. Bf4 Rg4 24. exd5 f5 25. d6 Rh8 26. Rg1 Rg2 27. Na4 Bxg1 28. Rxg1 Qg4 29. Be5 Rxh2+ 30. Kxh2 Qe2+ 31. Kh1 Qxe5 0-1

[Event "Late-Titled-Tuesday-Blitz-February-13-2024"]
[Site "Chess.com"]
[Date "2024.02.13"]
[Round "4"]
[White "Yushko_Olga"]
[Black "Kombinator01"]
[Result "0-1"]
[WhiteElo "2229"]
[BlackElo "2492"]
[TimeControl "180+1"]
[EndTime "14:37:55 PST"]
[Termination "Kombinator01 won by checkmate"]

1. d4 d5 2. c4 e5 3. e3 exd4 4. exd4 Nf6 5. Nc3 Be7 6. Nf3 O-O 7. Be2 dxc4 8. Bxc4 a6 9. O-O b5 10. Be2 Bb7 11. h3 Nc6 12. Be3 Nb4 13. Rc1 Nbd5 14.
Nxd5 Nxd5 15. Ne5 Nxe3 16. fxe3 Bg5 17. Qb3 Bd5 18. Qd3 f6 19. Nf3 Bh6 20. b3 Re8 21.
Rc5 Bxe3+ 22. Kh1 Bxf3 23. Bxf3 Qxd4 24. Qxd4 Bxd4 25. Rxc7 Rad8 26. Bb7 Re6 27. Rd1 h5 28. a4 Rdd6 29. axb5 axb5 30. Rc8+ Kh7 31. Rc2 Be5 32. Be4+ Kh6 33. Rf1 Bg3 34. Bf5 Re5 35. Bc8 Rd3 36.
Bb7 Rxb3 37. Bf3 b4 38. Rc7 Rbe3 39. Rb7 Re1 40. Kg1 Rxf1+ 41. Kxf1 Re1# 0-1

[Event "Late-Titled-Tuesday-Blitz-February-13-2024"]
[Site "Chess.com"]
[Date "2024.02.13"]
[Round "4"]
[White "LiemLe"]
[Black "Dedic8"]
[Result "1-0"]
[WhiteElo "3031"]
[BlackElo "2857"]
[TimeControl "180+1"]
[EndTime "14:37:56 PST"]
[Termination "LiemLe won by resignation"]

1. Nf3 d5 2. e3 Nf6 3. c4 e6 4. Nc3 Bd6 5. b3 b6 6. Bb2 Nbd7 7. cxd5 exd5 8. Rc1 a6 9. g3 Bb7 10. Bg2 O-O 11.
O-O c5 12. d4 c4 13. Nd2 cxb3 14. Qxb3 Qe7 15. Nxd5 Nxd5 16. Bxd5 Bxd5 17. Qxd5 Nf6 18. Qc6 h6 19. Nc4 Bb4 20. Nxb6 Rab8 21. Nd5 Nxd5 22.
Qxd5 Rfd8 23. Qc4 Qe4 24. Rfd1 Qf3 25. d5 Be1 26. Rxe1 Rxb2 27. Rc2 Rxc2 28. Qxc2 Qxd5 29.
Rb1 h5 30. h4 g6 31. a4 Qe5 32.
Qc4 Rd2 33. Qc8+ Kh7 34. Rb8 Rd1+ 35. Kh2 Rd3 36. Qg8+ Kh6 37. Rf8 Rd2 38. Rxf7 1-0

[Event "Late-Titled-Tuesday-Blitz-February-13-2024"]
[Site "Chess.com"]
[Date "2024.02.13"]
[Round "4"]
[White "lucasran"]
[Black "viniciusrego"]
[Result "0-1"]
[WhiteElo "2657"]
[BlackElo "2379"]
[TimeControl "180+1"]
[EndTime "14:37:56 PST"]
[Termination "viniciusrego won on time"]

1. Nf3 g6 2. d4 Bg7 3. c4 c5 4. d5 e6 5. e4 d6 6. Be2 Nf6 7. Nc3 exd5 8. cxd5 O-O 9. O-O Re8 10. Nd2 Na6 11. h3 Nc7 12. Bd3 Rb8 13. a4 Na6 14. Nc4 Nb4 15. Bb1 Nh5 16. g4 Qh4 17. gxh5 Qxh3 18.
Re1 Bg4 19. Re3 Qxe3 20. Nxe3 Bxd1 21. Nexd1 f5 22. hxg6 hxg6 23. Bf4 Rbd8 24. Ne3 fxe4 25. Bg5 Rd7 26. Ng4 Kf8 27. Ne3 a6 28. Bxe4 Bxc3 29.
bxc3 Rxe4 30. cxb4 Rxb4 31. a5 Rf7 32. Bh6+ Ke8 33.
Kg2 Kd7 34. Bg5 Rh7 35. f3 Rh5 0-1

[Event "Late-Titled-Tuesday-Blitz-February-13-2024"]
[Site "Chess.com"]
[Date "2024.02.13"]
[Round "4"]
[White "Chessdude1987"]
[Black "Lady_Nika"]
[Result "0-1"]
[WhiteElo "2380"]
[BlackElo "2577"]
[TimeControl "180+1"]
[EndTime "14:37:56 PST"]
[Termination "Lady_Nika won on time"]

1. e4 c6 2. d4 d5 3. Nd2 dxe4 4.
Nxe4 Bf5 5. Ng3 Bg6 6. h4 h6 7. Nf3 Nd7 8. h5 Bh7 9. Bd3 Bxd3 10. Qxd3 Ngf6 11. Bd2 e6 12. c4 Be7 13. Bc3 Qc7 14.
O-O-O O-O-O 15. Kb1 c5 16. Qe2 cxd4 17. Nxd4 a6 18. Rc1 Bc5 19. Rhd1 Nb6 20. Nb3 Rxd1 21. Qxd1 Na4 22. Ba5 b6 23. Nxc5 Nxc5 24. Bc3 Rd8 25. Qf3 Qb7 26. Qxb7+ Kxb7 27. Bxf6 gxf6 28. b4 Nd3 29.
Rd1 Kc7 30. Ne4 f5 31. Nf6 Nxf2 32. Rf1 Nd3 33. a3 Ne5 34. Rf4 Rd2 35. c5 bxc5 36. bxc5 Rxg2 37. Ra4 Kb7 38. Ne8 Kc6 39. Rxa6+ Kxc5 40. Ra5+ Kd4 41. Nd6 Nd3 42. Rb5 Kc3 43. a4 Rg1+ 44. Ka2 Nb4+ 45. Rxb4 Kxb4 46. Nxf7 Rh1 47.
Nxh6 Rxh5 48. Nf7 f4 49. Nd6 f3 50. Ne4 Re5 0-1

[Event "Late-Titled-Tuesday-Blitz-February-13-2024"]
[Site "Chess.com"]
[Date "2024.02.13"]
[Round "4"]
[White "yuriydovzik"]
[Black "kikoveiga"]
[Result "0-1"]
[WhiteElo "2114"]
[BlackElo "2516"]
[TimeControl "180+1"]
[EndTime "14:37:57 PST"]
[Termination "kikoveiga won on time"]

1. Nf3 Nf6 2. b3 c5 3. Bb2 Nc6 4. g3 d6 5. Bg2 e5 6. d3 Be7 7. O-O O-O 8. c4 Bf5 9. e4 Be6 10. h3 Nd7 11. Nc3 f5 12. exf5 Rxf5 13. g4 Rf8 14. Ne4 Nf6 15. Neg5 Bd7 16. Nd2 h6 17. Nge4 Nd4 18. Nxf6+ Rxf6 19. Bxb7 Rb8 20. Bd5+ Kh8 21. Bxd4 cxd4 22. Bg2 Rf4 23. Ne4 Qf8 24. f3 Qf7 25. Qe1 Rf8 26. b4 d5 27. cxd5 Qxd5 28. a3 Bb5 29. Qd2 Qb3 30. Rfd1 Rc8 31. Nc5 Bxc5 32. bxc5 Rxc5 33. Rab1 Qxa3 34. Qb4 Qxb4 35. Rxb4 a5 36. Rb3 a4 37. Ra3 Rc3 38. Rda1 Rf6 39. Kf2 Rfc6 40.
Kg3 g5 41. h4 Kg7 42. hxg5 hxg5 43. R1a2 Rxa3 44. Rxa3 Rc3 45. Ra2 a3 46. Bf1 Bc6 47. Kf2 Bd5 48. Be2 Bxa2 0-1

[Event "Late-Titled-Tuesday-Blitz-February-13-2024"]
[Site "Chess.com"]
[Date "2024.02.13"]
[Round "4"]
[White "CarlosjPineror"]
[Black "LastHeroJr"]
[Result "0-1"]
[WhiteElo "2686"]
[BlackElo "2502"]
[TimeControl "180+1"]
[EndTime "14:37:59 PST"]
[Termination "LastHeroJr won on time"]

1. e4 c6 2. d4 d5 3. Nc3 dxe4 4. Nxe4 Nf6 5. Nxf6+ exf6 6. Bc4 Bd6 7. Nf3 O-O 8. h3 Bf5 9. O-O Nd7 10. Bd3 Bg6 11. Bxg6 hxg6 12. Re1 Re8 13. Bd2 Nf8 14. c3 Bc7 15.
Qb3 Qd7 16. Kf1 b6 17. Kg1 g5 18. Qc4 Rac8 19. Rxe8 Rxe8 20. Re1 Rxe1+ 21. Bxe1 Ng6 22. Bd2 Bf4 23. Qe2 g4 24. hxg4 Qxg4 25. Kf1 Bd6 26.
g3 Qh3+ 27. Kg1 Qd7 28. Qe4 f5 29. Qd3 f4 30. gxf4 Qg4+ 31. Kf1 Bxf4 32. Qe4 Qh3+ 33. Ke2 Bxd2 34. Nxd2 Qh5+ 35. Qf3 Qb5+ 36. c4 Qxb2 37.
Qxc6 Qxd4 38. Qa8+ Kh7 39. Qh1+ Kg8 40. Qa8+ Nf8 41.
Qxa7 g6 42. Qe7 Ne6 43. Qa3 Nf4+ 44. Kd1 Qxf2 45. Kc2 Ne6 46. Qc3 Qf5+ 47. Kb2 g5 48. a3 g4 49. a4 Qf4 50. Qd3 g3 51. Ne4 Qe5+ 52. Kb3 Qxe4 0-1

[Event "Late-Titled-Tuesday-Blitz-February-13-2024"]
[Site "Chess.com"]
[Date "2024.02.13"]
[Round "4"]
[White "Atousa"]
[Black "Boninknights"]
[Result "1-0"]
[WhiteElo "2541"]
[BlackElo "2365"]
[TimeControl "180+1"]
[EndTime "14:37:59 PST"]
[Termination "Atousa won by resignation"]

1. Nf3 Nf6 2. g3 g6 3. Bg2 Bg7 4. O-O O-O 5. d3 d6 6. Nbd2 Nbd7 7. e4 c5 8. Re1 Rb8 9. a4 a6 10. a5 Ng4 11. Nc4 Nge5 12. Nfxe5 Nxe5 13. Nb6 Bg4 14. f3 Bd7 15. c3 Nc6 16. Be3 Be8 17. Nc4 f5 18. Qd2 Bf7 19. b4 cxb4 20. cxb4 Bxa1 21. Rxa1 fxe4 22. fxe4 Bxc4 23. dxc4 Ne5 24. Qd5+ Kg7 25. Bd4 Qc7 26. c5 Rf6 27. Rd1 Rbf8 28. h3 h5 29. Kh2 Kh7 30. Bxe5 dxe5 31. Qd7 Qc6 32. Qxe7+ R8f7 33. Qxe5 Rf2 34. Rd8 Rg7 35. Qb8 Rxg2+ 36. Kh1 Rf7 37.
Rh8+ Kg7 38. Qg8+ Kf6 39. Qd8+ Ke5 40. Re8+ Qxe8 41. Qxe8+ Kd4 42. Qxf7 1-0

[Event "Late-Titled-Tuesday-Blitz-February-13-2024"]
[Site "Chess.com"]
[Date "2024.02.13"]
[Round "4"]
[White "nitpicker"]
[Black "SmirnovTimofey2000"]
[Result "1-0"]
[WhiteElo "2248"]
[BlackElo "1978"]
[TimeControl "180+1"]
[EndTime "14:37:59 PST"]
[Termination "nitpicker won on time"]

1. d4 d5 2. c4 c6 3. Nf3 Nf6 4. Qb3 Qb6 5. Nc3 e6 6. c5 Qc7 7. g3 Be7 8. Bf4 Qd8 9. Qc2 Nh5 10. Bg2 Nxf4 11. gxf4 g5 12. fxg5 Bxg5 13. e3 Qe7 14.
O-O-O f5 15. Rhg1 Rg8 16. Bh1 Kf7 17. Rg3 Bf6 18. Rdg1 Rxg3 19. Rxg3 Nd7 20. h4 Bxh4 21. Rh3 Bf6 22. Rxh7+ Bg7 23. Ne5+ Nxe5 24. dxe5 Qg5 25. Bf3 Kg8 26. Rh1 Bxe5 27. Ne2 Bg7 28. Nf4 Qf6 29.
Nh5 1-0

[Event "Late-Titled-Tuesday-Blitz-February-13-2024"]
[Site "Chess.com"]
[Date "2024.02.13"]
[Round "4"]
[White "Smiechu"]
[Black "CrushingKings"]
[Result "0-1"]
[WhiteElo "2428"]
[BlackElo "2645"]
[TimeControl "180+1"]
[EndTime "14:38:00 PST"]
[Termination "CrushingKings won by checkmate"]

1. e4 g6 2. d4 Bg7 3. Nc3 c6 4. Be3 d5 5. e5 f6 6. exf6 Nxf6 7.
Nf3 Bg4 8. Be2 O-O 9. h3 Bxf3 10. Bxf3 Nbd7 11. Bf4 e5 12. dxe5 Ne4 13. Bxe4 Rxf4 14. Bxd5+ cxd5 15. Qxd5+ Kh8 16. O-O-O Qg5 17. Kb1 Nxe5 18.
g3 Rf3 19. Rhe1 Raf8 20. h4 Qf5 21. Ne4 Ng4 22. Qxb7 Nxf2 23. Rd7 Qe5 24. Rd5 Qe6 25. Rd7 Nxe4 26. Rxg7 Nd2+ 27. Kc1 Qxe1# 0-1

[Event "Late-Titled-Tuesday-Blitz-February-13-2024"]
[Site "Chess.com"]
[Date "2024.02.13"]
[Round "4"]
[White "Bigfish1995"]
[Black "Willhaven3"]
[Result "1-0"]
[WhiteElo "3167"]
[BlackElo "2626"]
[TimeControl "180+1"]
[EndTime "14:38:01 PST"]
[Termination "Bigfish1995 won on time"]

1. e4 c5 2. Nf3 Nc6 3. Bb5 g6 4. O-O Nf6 5. Re1 Bg7 6. c3 O-O 7. h3 Qb6 8. Na3 d6 9. d4 a6 10. Bxc6 bxc6 11. e5 Nd5 12. exd6 exd6 13. Nc4 Qc7 14.
dxc5 dxc5 15. Qa4 Rb8 16. Qa5 Qa7 17. Nfe5 Rb5 18. Qa3 Qc7 19. Nd3 Rd8 20. Bg5 f6 21.
Bh4 Bf8 22. Bg3 Qf7 23. Rad1 Be7 24. Nce5 fxe5 25. Nxe5 Qf6 26. c4 Rb4 27. cxd5 cxd5 28. Nc6 Qxc6 29. Rxe7 d4 30. Rde1 Bb7 31. f3 d3 32. Qc3 Rdd4 33. Re8+ Kf7 34. R1e7+ Kf6 35. Qd2 1-0

[Event "Late-Titled-Tuesday-Blitz-February-13-2024"]
[Site "Chess.com"]
[Date "2024.02.13"]
[Round "4"]
[White "egnfanclub"]
[Black "Bryanl106"]
[Result "0-1"]
[WhiteElo "2338"]
[BlackElo "2523"]
[TimeControl "180+1"]
[EndTime "14:38:02 PST"]
[Termination "Bryanl106 won on time"]

1. e4 e5 2. Nc3 Nf6 3. f4 d5 4.
fxe5 Nxe4 5. d3 Nxc3 6. bxc3 c5 7. Nf3 Nc6 8. Be2 d4 9. O-O Be7 10. Qe1 O-O 11. Qg3 Re8 12. Bh6 Bf8 13. Rae1 dxc3 14. Bd1 Bf5 15. Bg5 Qd7 16. Nh4 Bg6 17. Bg4 Qd4+ 18.
Kh1 Rxe5 19. Nf3 Rxe1 20. Rxe1 Qa4 21. h4 Qxc2 22. h5 Bxd3 23. h6 Bg6 24. Rc1 Qxa2 25. Rxc3 gxh6 26. Be3 Re8 27. Kh2 Qa5 28. Bd2 Qd8 29.
Bf5 Bd6 30. Bf4 Bxf4 31. Qxf4 Qb8 32. Qxb8 Rxb8 33. Bxg6 hxg6 34. Rxc5 Nd8 35. Rc7 Ne6 36. Rd7 Nf8 37. Rc7 Ne6 38. Rd7 a5 39. Ne5 Nd8 40. Rd4 b5 41. Nd7 Ne6 42. Rd6 Rd8 43.
Nf6+ Kg7 44. Rxd8 Nxd8 45. Nd5 b4 46. Nb6 Ne6 47. Na4 Nd4 0-1